 Dungeon Crawl Stone Soup version 0.31-a0-1278-g11c5b68f87 (webtiles) character file.

Game seed: 6158990731465663657

1561 AlmostDecent the Skirmisher (level 8, -8/48 HPs)
             Began as a Gargoyle Hunter on Dec 18, 2023.
             Mangled by a troll (11 damage)
             ... on level 5 of the Dungeon.
             The game lasted 00:15:13 (4743 turns).

AlmostDecent the Skirmisher (Gargoyle Hunter)       Turns: 4743, Time: 00:15:14

Health: -8/48      AC: 12    Str: 15    XL:     8   Next: 89%
Magic:  8/8        EV: 17    Int: 10    God:
Gold:   269        SH:  0    Dex: 15    Spells: 7/7 levels left

rFire   . . .        C - +0 orcbow
rCold   . . .        (shield currently unavailable)
rNeg    + . .        c - +0 leather armour
rPois   ∞            m - +0 helmet
rElec   +            k - +0 cloak
rCorr   .            r - +0 pair of gloves
SInv    .            (no boots)
Will    .....        (no amulet)
Stlth   ++           B - +5 ring of evasion
HPRegen 0.28/turn    (no ring)
MPRegen 0.11/turn

%: no passive effects
@: no status effects
A: sickness immunity, AC +5, negative energy resistance 1, electricity
resistance, torment resistance 1, petrification resistance
a: no special abilities


You were on level 5 of the Dungeon.
You visited 1 branch of the dungeon, and saw 5 of its levels.
You also visited: Sewer.

You collected 289 gold pieces.
You spent 20 gold pieces at shops.

Inventory:

Hand Weapons
 a - a +0 shortbow
 C - a +0 orcbow (weapon)
Armour
 c - a +0 leather armour (worn)
 k - a +0 cloak (worn)
 m - a +0 helmet (worn)
 r - a +0 pair of gloves (worn)
Magical Staves
 x - the staff "Aroneum" {rPois SInv Ice Poison}
   (You found it in a sewer)

   [staff of poison]

   Base accuracy: +5 Base damage: 5 Base attack delay: 1.2 This weapon's minimum
   attack delay (0.6) is reached at skill level 12.
   rPois:     It protects you from poison SInv: It lets you see invisible.
   Ice:       It increases the power of your Ice spells.
   Poison:    It increases the power of your Poison spells.
   It falls into the 'Staves' category.
   It is a one-handed weapon.
Jewellery
 t - an amulet of faith
 B - a +5 ring of evasion (left hand)
Wands
 q - a wand of iceblast (6)
Scrolls
 b - a scroll of butterflies
 e - a scroll of noise {unknown}
 f - 3 scrolls of amnesia {unknown}
 g - 2 scrolls of identify
 h - a scroll of vulnerability {unknown}
 i - 8 scrolls of teleportation
 l - a scroll of brand weapon {unknown}
 n - a scroll of revelation {unknown}
 o - 3 scrolls of blinking
 w - a scroll of enchant armour {unknown}
 y - 2 scrolls of immolation {unknown}
 z - a scroll of poison {unknown}
Potions
 d - a potion of lignification
 j - a potion of mutation {unknown}
 p - 2 potions of haste {unknown}
 s - a potion of resistance {unknown}
 u - 2 potions of ambrosia {unknown}
 v - a potion of degeneration {unknown}
 A - 2 potions of brilliance {unknown}


   Skills:
 + Level 4.8 Fighting
 * Level 10.3 Ranged Weapons
 + Level 2.2 Armour
 + Level 2.3 Dodging
 + Level 1.5 Stealth


You had 7 spell levels left.
You didn't know any spells.
Your spell library contained the following spells:

 Spells                   Type           Power      Damage    Failure   Level
 Sting                    Tmut/Pois      0%         1d3       43%         1
 Poisonous Vapours        Pois/Air       0%         N/A       56%         2
 Tukima's Dance           Hex            0%         N/A       80%         3
 Volatile Blastmotes      Fire/Tloc      0%         2d10      80%         3
 Fulminant Prism          Conj/Hex       0%         3d5       99%         4
 Iskenderun's Mystic Bla  Conj/Tloc      0%         2d3       99%         4
 Olgreb's Toxic Radiance  Pois           0%         N/A       99%         4
 Passage of Golubria      Tloc           0%         N/A       99%         4
 Yara's Violent Unravell  Hex/Tmut       0%         3d3       100%        5


Dungeon Overview and Level Annotations

Branches:
Dungeon (5/15)              Sewer (visited)
 Temple: D:4-7

Altars:
Kikubaaqudgha
Yredelemnul

Shops:
D:5 *

Annotations:
D:5 4 runed translucent doors


Innate Abilities, Weirdness & Mutations

You are immune to sickness and miasma.
Your stone body is resilient. (AC +5)
You are immune to poison.
You resist negative energy. (rN+)
You are resistant to electric shocks. (rElec)
You are resistant to unholy torment.
You are immune to petrification.


Message History

You are too injured to fight recklessly!
You are too injured to fight recklessly!
You are too injured to fight recklessly!
You are too injured to fight recklessly!
You are too injured to fight recklessly!
You are too injured to fight recklessly!
You are too injured to fight recklessly!
You are too injured to fight recklessly!
You are too injured to fight recklessly!
You are too injured to fight recklessly!
You are too injured to fight recklessly!
You are too injured to fight recklessly!
You are too injured to fight recklessly!
You are too injured to fight recklessly!
You are too injured to fight recklessly!
You are too injured to fight recklessly!
You are too injured to fight recklessly!
You are too injured to fight recklessly!
You are too injured to fight recklessly!
Fire: C) +0 orcbow
Press: ? - help, Q - select action, (/) - cycle Shift-Dir - straight line, f/p - troll
Aim: a troll (moderately wounded, 60% to hit)
You shoot an arrow. The arrow hits the troll.
The troll is heavily wounded.
Fire: C) +0 orcbow
Press: ? - help, Q - select action, (/) - cycle Shift-Dir - straight line, f/p - troll
Aim: a troll (heavily wounded, 60% to hit)
You shoot an arrow. The arrow hits the troll!
The troll is severely wounded.
The troll misses you. The troll closely misses you. The troll claws you!
* * * LOW HITPOINT WARNING * * *
The troll closely misses you. x2; The troll completely misses you.
Fire: C) +0 orcbow
Press: ? - help, Q - select action, (/) - cycle Shift-Dir - straight line, f/p - troll
Aim: a troll (severely wounded, 60% to hit)
You shoot an arrow. The arrow barely misses the troll.
The troll bites you!
* * * LOW HITPOINT WARNING * * *
The troll claws you!
You die...

#..#.#####.∩.##............
#######..#.# #...(....#....######
#..........###)###.#####.#.######
.........#.#.......# #.........
#.............<...)# #.#.######
#.#####...)...####.#####.#.#
#.###....................#.#
#.##..######..######..####.#
.....##....####.@..##......#
#..#.#.#.##.##.T###.#.#.####
#..#.#.#..####.##(#.#...# ##
#....#.###).##.#.##.#).## #.
##...#)#.##.## ##)#.#..# #^
#.#.##.#)### #.÷.##..# #.
#.#..###'# #'###).## #.
#.##.....######.....## #######.
#.####..##8$:8##....## #.......


You could see a troll.

Vanquished Creatures
  A black bear (D:5)
  An ice beast (D:5)
  2 centaurs
  4 ogres
  Blork the orc (D:5)
  3 bullfrogs
  2 scorpions (D:5)
  A howler monkey (D:5)
  A gnoll bouda (D:5)
  A hound (D:5)
  A jelly (D:4)
  2 orc wizards (D:5)
  Ijyb (D:5)
  2 iguanas (D:5)
  Robin (D:2)
  8 gnolls
  6 adders
  4 dart slugs
  5 orcs
  4 bats
  17 endoplasms
  7 giant cockroaches
  6 hobgoblins
  A jackal (D:5)
  6 quokkas
  13 ball pythons
  13 frilled lizards
  11 goblins
  7 kobolds
  5 rats
137 creatures vanquished.

Notes
Turn   | Place    | Note
-------+----------+-------------------------------------------
     0 | D:1      | AlmostDecent the Gargoyle Hunter began the quest for the
                  | Orb.
     0 | D:1      | Reached XP level 1. HP: 12/12 MP: 1/1
    58 | D:1      | Reached XP level 2. HP: 17/17 MP: 2/2
   300 | D:1      | Reached XP level 3. HP: 22/22 MP: 3/3
   952 | D:2      | Reached skill level 5 in Ranged Weapons
   955 | D:2      | Noticed Robin
  1028 | D:2      | Killed Robin
  1244 | D:2      | Found a faded altar of an unknown god.
  1254 | D:2      | Reached XP level 4. HP: 27/27 MP: 4/4
  1643 | D:3      | Found a basalt altar of Yredelemnul.
  1732 | D:3      | Found a glowing drain.
  1738 | Sewer    | Entered a sewer
  1885 | Sewer    | Reached XP level 5. HP: 32/32 MP: 5/5
  1898 | Sewer    | Reached skill level 6 in Ranged Weapons
  2026 | Sewer    | Reached skill level 1 in Armour
  2026 | Sewer    | Reached XP level 6. HP: 35/37 MP: 6/6
  2043 | Sewer    | Identified the staff "Aroneum" {rPois SInv Ice Poison}
  2466 | D:3      | Found an ancient bone altar of Kikubaaqudgha.
  2807 | D:4      | Reached skill level 7 in Ranged Weapons
  3183 | D:4      | Reached XP level 7. HP: 33/41 MP: 7/7
  3520 | D:5      | Entered Level 5 of the Dungeon
  3537 | D:5      | Found Maulin's General Store.
  3546 | D:5      | Reached skill level 8 in Ranged Weapons
  3550 | D:5      | Bought a scroll of identify for 20 gold pieces
  3663 | D:5      | Found a large runed translucent door.
  3663 | D:5      | Found a large runed translucent door.
  3666 | D:5      | Noticed Blork the orc
  3688 | D:5      | Killed Blork the orc
  3855 | D:5      | Found a large runed translucent door.
  3855 | D:5      | Found a large runed translucent door.
  3903 | D:5      | Reached XP level 8. HP: 48/48 MP: 8/8
  3941 | D:5      | Reached skill level 9 in Ranged Weapons
  4171 | D:5      | Noticed Ijyb
  4200 | D:5      | Killed Ijyb
  4508 | D:5      | Reached skill level 10 in Ranged Weapons
  4736 | D:5      | Noticed a troll
  4743 | D:5      | Mangled by a troll

Illustrated notes

Levels and vault maps discovered:
D:1:      spicycebolla_green_bress_n_ham_2, layout_basic
D:2:      layout_basic, ebering_ecumenical_altar_petrified, minmay_vboxes,
          uniq_robin
D:3:      layout_basic, mainiacjoe_overflow_tiny_flanked,
          mainiacjoe_overflow_concentric_impassable,
          mainiacjoe_sewer_entry_somewhere_in_here_2
D:4:      layout_loops_cross, nicolae_letterblocks [nicolae_letter_subblock,
          nicolae_letter_subblock, nicolae_letter_subblock,
          nicolae_letter_subblock, nicolae_letter_subblock,
          nicolae_letter_subblock, nicolae_letter_subblock,
          nicolae_letter_subblock, nicolae_letter_subblock,
          nicolae_letter_subblock, nicolae_letter_subblock,
          nicolae_letter_subblock, nicolae_letter_subblock,
          nicolae_letter_subblock, nicolae_letter_subblock,
          nicolae_letter_subblock, nicolae_letter_subblock,
          nicolae_letter_subblock, nicolae_letter_subblock,
          nicolae_letter_subblock, nicolae_letter_subblock,
          nicolae_letter_subblock, nicolae_letter_subblock,
          nicolae_letter_subblock, nicolae_letter_subblock]
D:5:      layout_loops_ring, serial_shops, shop, minmay_hollow_rounded_squares,
          uniq_ijyb, uniq_blork_the_orc

Skill      XL: |  1  2  3  4  5  6  7  8 |
---------------+-------------------------+-----
Ranged Weapons | 5 6 7 8 10 | 10.3
Fighting       | 3 4 |  4.8
Armour         | 1 2 |  2.2
Dodging        | 2 |  2.3
Stealth        | |  1.5

Action                     |  1- 3 |  4- 6 |  7- 9 || total
---------------------------+-------+-------+-------++-------
   Fire: Shortbow          |   104 |   204 |   252 ||   560
         Orcbow            |       |       |    14 ||    14
    Use: Potion            |       |     2 |     4 ||     6
         Scroll            |       |       |     1 ||     1
 Armour: Leather armour    |    41 |    58 |   126 ||   225
         Skin              |       |       |     8 ||     8
  Dodge: Dodged            |    26 |    54 |   216 ||   296

Table legend: (Time is in decaauts)
 A = Elapsed time spent in this place.
 B = Non-inter-level travel time spent in this place.
 C = Inter-level travel time spent in this place.
 D = Time resting spent in this place.
 E = Time spent auto-exploring this place.
 F = Levels seen in this place.
 G = Mean time per level.
                   A        B        C        D        E       F      G
               +--------+--------+--------+--------+--------+-----+--------+
         Total |   4860 |   4681 |    179 |     40 |   3681 |   6 |  810.0 |
       Dungeon |   4468 |   4289 |    179 |     40 |   3466 |   5 |  893.6 |
         Sewer |    391 |    391 |      0 |      0 |    215 |   1 |  391.0 |
               +--------+--------+--------+--------+--------+-----+--------+

Top non-repeatable levels by time:
     D:5: 1216 daAuts
     D:1: 1016 daAuts
     D:3: 822 daAuts
     D:4: 773 daAuts
     D:2: 639 daAuts
   Sewer: 391 daAuts
